 Dungeon Crawl Stone Soup version 0.18.1-48-g4cf74bf (webtiles) character file.

932 luca467 the Skirmisher (level 7, 0/58 HPs)
             Began as a Mummy Fighter on Sept 12, 2016.
             Slain by a giant frog zombie (6 damage)
             ... on level 5 of the Dungeon.
             The game lasted 00:21:24 (4523 turns).

luca467 the Skirmisher (Mummy Fighter)              Turns: 4523, Time: 00:21:25

Health: 0/58       AC: 16    Str: 22    XL:     7   Next: 86%
Magic:  7/7        EV:  2    Int:  7    God:
Gold:   160        SH: 10    Dex: 11    Spells: 0 memorised, 6 levels left

rFire  x . .     SeeInvis .     j - +0 mace (protect)
rCold  + . .     Gourm    .     b - +1 scale mail
rNeg   + + +     Faith    .     c - +1 shield
rPois  ∞         Spirit   .     (no helmet)
rElec  .         Dismiss  .     h - +2 cloak
rCorr  .         Reflect  .     (no gloves)
SustAt .         Harm     .     (no boots)
MR     .....                    (no amulet)
Stlth  ..........               (no ring)
                                (no ring)

@: not resistant to hostile enchantments, extremely unstealthy
A: no food or potions, fire vulnerability, cold resistance 1, negative energy
resistance 3, torment resistance, unbreathing
a: no special abilities


You were on level 5 of the Dungeon.
You were not hungry.

You visited 1 branch of the dungeon, and saw 5 of its levels.

You collected 160 gold pieces.

Inventory:

Hand Weapons
 a - a +1 flail
 j - a +0 mace of protection (weapon)
Missiles
 l - 8 tomahawks (quivered)
Armour
 b - a +1 scale mail (worn)
 c - a +1 shield (worn)
 h - a +2 cloak (worn)
Jewellery
 i - an uncursed ring of poison resistance
Wands
 e - a wand of polymorph (9/24)
Scrolls
 d - 6 scrolls of identify
 f - a scroll of remove curse
 g - a scroll of teleportation
 k - a scroll of magic mapping
 m - a scroll of blinking {unknown}


   Skills:
 * Level 6.3 Fighting
 * Level 4.4 Maces & Flails
 + Level 3.7 Armour
 + Level 3.8 Shields


You had 6 spell levels left.
You didn't know any spells.

Dungeon Overview and Level Annotations

Branches:
Dungeon (5/15)
 Temple: D:4-7

Altars:
Fedhas
Qazlal
Ru


Innate Abilities, Weirdness & Mutations

You do not eat or drink.
Your flesh is vulnerable to fire.
You are immune to poison.
Your flesh is cold resistant.
You are immune to negative energy.
You are immune to unholy pain and torment.
You can survive without breathing.


Message History

You block the giant frog zombie's attack.
You sock the giant frog zombie!
You block the giant frog zombie's attack. x2
Your shield prevents you from hitting the giant frog zombie.
You block the giant frog zombie's attack.
The giant frog zombie hits you.
You hit the giant frog zombie.
The giant frog zombie barely misses you.
The giant frog zombie hits you.
You barely miss the ogre.
The ogre is moderately wounded.
The ogre hits you with a giant spiked club!!
* * * LOW HITPOINT WARNING * * *
The giant frog zombie hits you but does no damage.
The giant frog zombie hits you but does no damage.
You block the giant frog zombie's attack.
You see here a dagger.
There is a stone staircase leading up here.
The giant frog zombie hits you.
You die...

##...##......%.........
#####....#......##.##.
#....##......##.##.
#...#.#####.#.##.#..
#..##.# ###.#.##....
#.# #.# #........#..
#####[###.#.#.##.#.#
#.Z...#.#.#.#.....
##@O.......#.#.....
#..r....#........†.
#..................
#......#........!..
#.#####............ ##
###....#.....
#....#..... ######.....
######


You could see an ogre, a giant frog zombie and a quokka.

Vanquished Creatures
  Grinder (D:4)
  An ice beast (D:4)
  2 phantoms (D:5)
  An orc priest (D:3)
  Crazy Yiuf (D:4)
  2 orc wizards
  4 iguanas
  3 worker ants
  4 gnolls
  5 adders
  An adder skeleton (D:5)
  3 worms
  2 dart slugs
  2 giant geckos
  12 orcs
  7 giant cockroaches
  7 goblins
  8 hobgoblins
  5 jackals
  6 kobolds
  3 quokkas
  2 bats
  2 giant newts
  4 rats
88 creatures vanquished.

Notes
Turn   | Place    | Note
--------------------------------------------------------------
     0 | D:1      | luca467 the Mummy Fighter began the quest for the Orb.
     0 | D:1      | Reached XP level 1. HP: 18/18 MP: 1/1
   466 | D:1      | Reached XP level 2. HP: 20/24 MP: 2/2
  1281 | D:2      | Found a stormy altar of Qazlal.
  1333 | D:2      | Reached XP level 3. HP: 29/29 MP: 3/3
  1693 | D:2      | Found a blossoming altar of Fedhas.
  2012 | D:3      | Reached XP level 4. HP: 33/37 MP: 4/4
  2228 | D:3      | Reached skill level 4 in Fighting
  2298 | D:3      | Reached XP level 5. HP: 20/43 MP: 5/5
  2743 | D:5      | Entered Level 5 of the Dungeon
  2967 | D:4      | Found a sacrificial altar of Ru.
  3024 | D:4      | Reached XP level 6. HP: 31/50 MP: 6/6
  3380 | D:4      | Reached skill level 5 in Fighting
  3410 | D:4      | Noticed Grinder
  3417 | D:4      | Paralysed by Grinder for 4 turns
  3425 | D:4      | Paralysed by Grinder for 4 turns
  3454 | D:4      | Paralysed by Grinder for 2 turns
  3458 | D:4      | Killed Grinder
  3458 | D:4      | Reached XP level 7. HP: 56/56 MP: 7/7
  3553 | D:4      | Noticed Crazy Yiuf
  3564 | D:4      | Killed Crazy Yiuf
  4311 | D:5      | Reached skill level 6 in Fighting
  4523 | D:5      | Slain by a giant frog zombie

Skill      XL: |  1  2  3  4  5  6  7 |
---------------+----------------------+-----
Maces & Flails | 2 3 4 |  4.4
Fighting       | 4 5 6 |  6.3
Armour         | 3 |  3.7
Shields        | 3 |  3.8

Action                   |  1- 3 |  4- 6 |  7- 9 || total
-------------------------+-------+-------+-------++-------
Melee: Flail             |   138 |   119 |       ||   257
       Mace              |       |    64 |   188 ||   252
  Use: Scroll            |     6 |     6 |       ||    12
Armor: Scale mail        |    58 |    74 |    97 ||   229
Dodge: Dodged            |    39 |    44 |    56 ||   139
Block: Shield            |    61 |    80 |   105 ||   246
